[Event "*** SCC Grand Prix: Titled Tuesday Blitz"]
[Site "Chess.com"]
[Date "2020.07.21"]
[Round "7"]
[White "Roza_Idrisova"]
[Black "Lion-Al-Messi"]
[Result "0-1"]
[WhiteElo "2242"]
[BlackElo "2423"]
[TimeControl "180+1"]
[EndTime "11:18:46 PDT"]
[Termination "Lion-Al-Messi won by checkmate"]

1. d4 d5 2. Nf3 Nf6 3. Bg5 Ne4 4. Bf4 c5 5. c3 Nc6 6. e3 e6 7.
Nbd2 Nxd2 8. Qxd2 Bd6 9. Bg3 O-O 10. Bd3 Qe7 11. Ne5 Nxe5 12. dxe5 Bc7 13. O-O b6 14. e4 Bb7 15. exd5 Bxd5 16. c4 Bb7 17. Rad1 Rad8 18. Qe3 Rd4 19. b3 Rfd8 20. Bc2 Bb8 21. h3 Qc7 22. Rfe1 Qc6 23. f3 Qc7 24. Kh2 Qe7 25.
Rd3 Rxd3 26. Bxd3 f5 27. exf6 Bxg3+ 28. Kxg3 Qxf6 29. Be4 Qe5+ 30. Kf2 Bxe4 31. Qxe4 Qxe4 32. Rxe4 Kf7 33. Ke2 Kf6 34. f4 Kf5 35. Ke3 Rd1 36. Re5+ Kf6 37. Kf2 Ra1 38. Re2 g6 39. Kf3 a6 40. Ke4 h5 41. g4 h4 42. g5+ Ke7 43.
Ke5 Rh1 44. Re3 Rg1 45. a3 Rg3 46. Ke4 Rg1 47. Rc3 Re1+ 48. Kf3 Rg1 49. Ke4 Ra1 50. b4 Rb1 51. bxc5 bxc5 52. Kf3 Rg1 53. Ke4 Re1+ 54. Kf3 Rg1 55. Kf2 Rb1 56. Kf3 Kd6 57. Kg4 e5 58.
fxe5+ Kxe5 59. Kxh4 Kf4 60. Rd3 Rb8 61. Rf3+ Kxf3 62. a4 Rh8# 0-1

[Event "*** SCC Grand Prix: Titled Tuesday Blitz"]
[Site "Chess.com"]
[Date "2020.07.21"]
[Round "7"]
[White "White_Ghost"]
[Black "nobodyperfect13"]
[Result "0-1"]
[WhiteElo "2505"]
[BlackElo "2294"]
[TimeControl "180+1"]
[EndTime "11:18:48 PDT"]
[Termination "nobodyperfect13 won by checkmate"]

1. d4 Nf6 2. c4 e6 3. Nf3 b6 4. g3 Bb7 5. Bg2 Bb4+ 6. Bd2 Qe7 7. O-O O-O 8. Nc3 Bxc3 9. Bxc3 Ne4 10. Be1 d5 11. Nd2 Nd7 12. Nxe4 dxe4 13. Bc3 e5 14. d5 f5 15. Qd2 a5 16. Rad1 Qd6 17. g4 Nc5 18. gxf5 Rxf5 19. Qe3 Raf8 20. b3 Qf6 21. h3 Rf4 22. Qg3 h6 23. Bd2 Rf5 24. Be3 Kh7 25. Kh2 Kh8 26. Bh1 Rf4 27. Rg1 Bc8 28. Rdf1 Rh4 29. f3 Rxh3+ 30. Qxh3 Bxh3 31. Kxh3 Qf5+ 32.
Kg3 Qh5 33. fxe4 Rxf1 34. Rxf1 Qxe2 35. Rf8+ Kh7 36. Bxc5 bxc5 37. Rf2 Qe3+ 38. Kg2 h5 39. Kg1 Kh6 40. Bf3 g5 41. Kg2 g4 42. Bd1 Qh3+ 43. Kg1 Qg3+ 44. Kf1 Qd3+ 45. Be2 Qxe4 46.
Rf6+ Kg5 47. Rf2 h4 48. Kg1 h3 49. Kh2 Kh4 50. Bxg4 Qxg4 51. d6 Qg3+ 52. Kh1 Qxf2 53. d7 Qg2# 0-1

[Event "*** SCC Grand Prix: Titled Tuesday Blitz"]
[Site "Chess.com"]
[Date "2020.07.21"]
[Round "7"]
[White "AungTZ"]
[Black "ZverevLev"]
[Result "1-0"]
[WhiteElo "2046"]
[BlackElo "2303"]
[TimeControl "180+1"]
[EndTime "11:18:48 PDT"]
[Termination "AungTZ won on time"]

1. e4 h6 2. d4 a6 3. Nc3 e5 4. dxe5 Nc6 5. f4 g5 6. fxg5 hxg5 7. Nh3 Rxh3 8. gxh3 Nxe5 9. Be3 g4 10. Be2 Bh6 11.
Qd2 Qh4+ 12. Kd1 Qxh3 13. Bf4 Qg2 14. Re1 Nf3 15. Bxf3 Qxf3+ 16. Ne2 d5 17. Bxh6 dxe4 18. Qg5 Nxh6 19. Qxh6 Bf5 20. Qh8+ Kd7 21. Qxa8 e3 22. Kc1 Qf2 23. Rd1+ Kc6 24. Qe8+ Kb6 25. Nd4 Qf4 26.
Re1 Be4 27. Qa4 e2+ 28. Kb1 Qd2 29. Qb3+ Ka7 30. Nxe2 Qxe1+ 31. Nc1 Qd2 32. a3 b6 33. Ka2 Bxc2 34. Qc3 Qxh2 35. Nb3 a5 36. Nd4 Be4 37. Qe3 Bd5+ 38. Nb3 a4 39. Rc1 Bxb3+ 40. Ka1 Qd6 41.
Rg1 f5 42. Qg5 Qd4 43. Qc1 Qd6 44. Qe1 Qc5 45. Qc1 Qd6 46. Qe1 Qc5 47. Qg3 Qc6 48. Qf4 Qd5 49. Qxc7+ Ka6 50. Qc8+ Ka5 51. Qc1 Qc5 52.
Qe1+ 1-0

[Event "*** SCC Grand Prix: Titled Tuesday Blitz"]
[Site "Chess.com"]
[Date "2020.07.21"]
[Round "7"]
[White "BeanScreen"]
[Black "keepitcool9499"]
[Result "0-1"]
[WhiteElo "2685"]
[BlackElo "2583"]
[TimeControl "180+1"]
[EndTime "11:18:49 PDT"]
[Termination "keepitcool9499 won by resignation"]

1. e4 e6 2. d4 d5 3. Nc3 Nf6 4. Bg5 Be7 5. e5 Nfd7 6. h4 O-O 7. Qg4 f5 8. Qg3 c5 9. dxc5 Nc6 10. Nf3 Nxc5 11. O-O-O Bd7 12. h5 Bxg5+ 13. Nxg5 h6 14.
Nf3 Ne4 15. Nxe4 fxe4 16. Nd4 Nxd4 17. Rxd4 Qa5 18. Bc4 Rac8 19. Bb3 Qc5 20. Rhd1 Rf5 21. Rxd5 exd5 22. Rxd5 Qf8 23. Rxd7+ Kh8 24. Rd2 Rd8 25. Rxd8 Qxd8 26. e6 Rxh5 27. c4 Rh1+ 28. Kc2 Qd1+ 29. Kc3 Qe1+ 30. Kd4 Qd2+ 31. Ke5 Rh5+ 32. Kxe4 Rh1 33.
Kf5 Qd8 34. Qe3 Qf6+ 35. Ke4 Re1 36. c5 Rxe3+ 37. fxe3 Qe7 38. Ke5 g5 39. Kd5 Kg7 40.
Bc2 Kf6 41. Kd4 Qxe6 42. Bb3 Qe5+ 43. Kd3 Qxb2 44. Kc4 Qe5 45. Kd3 Qxc5 46. g4 Qe5 47. Bd1 b5 48. Ke2 a5 49. Kf2 b4 50. Bb3 Qb2+ 51. Kf3 a4 52. Bd5 b3 53. axb3 axb3 54. Be4 Qe5 55. Bb1 b2 56. Bc2 Qd5+ 57. Be4 Qxe4+ 58. Kxe4 b1=Q+ 59. Kf3 Ke5 60. e4 Qxe4+ 61. Kg3 Qf4+ 62. Kh3 Ke4 63. Kg2 Qxg4+ 64. Kh2 Qf3 65. Kg1 Qe2 0-1

[Event "*** SCC Grand Prix: Titled Tuesday Blitz"]
[Site "Chess.com"]
[Date "2020.07.21"]
[Round "7"]
[White "Skatchkov_V"]
[Black "AnthonyWirig"]
[Result "1-0"]
[WhiteElo "2598"]
[BlackElo "2696"]
[TimeControl "180+1"]
[EndTime "11:18:50 PDT"]
[Termination "Skatchkov_V won by resignation"]

1. d4 Nf6 2. c4 e6 3. Nf3 Bb4+ 4. Nbd2 d5 5. Qa4+ Nc6 6. e3 O-O 7. Bd3 Ne4 8. O-O f5 9. a3 Bd6 10. b4 Rf6 11. Qb3 Rh6 12. g3 dxc4 13. Qxc4 Nxd2 14. Bxd2 Ne7 15. e4 b5 16. Qb3 fxe4 17. Bxe4 Bd7 18. Bxh6 gxh6 19. Ne5 Rb8 20. Rae1 Bc8 21. Bg2 Rb6 22. Ng4 Kg7 23. d5 e5 24. Nxe5 Ng6 25. f4 Qf6 26. Kh1 h5 27. Qb2 h4 28. Nd3 Qxb2 29. Nxb2 hxg3 30. hxg3 Bg4 31. Nd3 Rb8 32. Bf3 h5 33. Bxg4 hxg4 34. Ne5 Ne7 35. Nc6 Rh8+ 36. Kg2 Nxd5 37. Rh1 Rf8 38. Rh5 Nf6 39.
Rg5+ Kf7 40. Nd4 Rh8 41. Rxb5 Rh3 42. Rg5 Rh8 43. Nc6 Ra8 44. Ne5+ Ke6 45. Nc4+ Kd7 46. Nxd6 cxd6 47. Rg6 Rf8 48. Rd1 d5 49. Rg7+ Kc6 50.
Rxa7 Ne4 51. Ra6+ Kb5 52. Ra5+ Kc4 53. Raxd5 Nc3 54. Rc5+ Kb3 55. Rd3 1-0

[Event "*** SCC Grand Prix: Titled Tuesday Blitz"]
[Site "Chess.com"]
[Date "2020.07.21"]
[Round "7"]
[White "tigra"]
[Black "Gusarov91"]
[Result "1-0"]
[WhiteElo "2848"]
[BlackElo "2641"]
[TimeControl "180+1"]
[EndTime "11:18:54 PDT"]
[Termination "tigra won by checkmate"]

1. e4 c6 2. d3 d5 3. Nd2 g6 4. Ngf3 Bg7 5. h3 Nd7 6. exd5 cxd5 7. d4 Ngf6 8. Bd3 O-O 9. O-O b6 10. Re1 Bb7 11. c3 a5 12. Qe2 e6 13. Nb1 Qc8 14. Na3 Ba6 15. Nb5 Bxb5 16. Bxb5 Ne4 17. Bd3 f5 18. a4 Re8 19. Bb5 Nd6 20. Bxd7 Qxd7 21.
Bf4 Ne4 22. Ne5 Qb7 23. f3 Nf6 24. Nd3 Nd7 25. Ra3 Qc6 26. Kh1 Rac8 27. Rea1 h6 28. h4 Kh7 29. Qe3 Qc4 30. Kg1 Bf8 31. R3a2 Bg7 32.
Kf2 Kg8 33. Ne5 Nxe5 34. Bxe5 Bxe5 35. Qxe5 Qc7 36. Qxc7 Rxc7 37. Ra3 Kf7 38. Rb3 Rc6 39. Rb5 Rec8 40. g4 fxg4 41. fxg4 Ke7 42. Ke3 Rf8 43.
Rg1 Kd7 44. Rh1 Kc7 45. Rh2 Rc4 46. Re2 Rxa4 47. Kd2 Kc6 48. Rb3 Re8 49. Re1 b5 50. Kd3 Ra2 51. Kc2 Ra4 52. Rf1 h5 53. g5 e5 54.
Rf6+ Kc7 55. Rxb5 exd4 56. Kb3 Ra1 57. Rc5+ Kb7 58. Rxd5 a4+ 59. Kc4 Rc8+ 60. Kb5 dxc3 61. Rb6+ Ka7 62. Rd7+ Ka8 63. Ka6 Rc6 64. Ra7# 1-0

[Event "*** SCC Grand Prix: Titled Tuesday Blitz"]
[Site "Chess.com"]
[Date "2020.07.21"]
[Round "7"]
[White "elohunter1999"]
[Black "JuliaEfremova"]
[Result "0-1"]
[WhiteElo "2465"]
[BlackElo "2352"]
[TimeControl "180+1"]
[EndTime "11:18:55 PDT"]
[Termination "JuliaEfremova won by checkmate"]

1. e4 d5 2. exd5 Qxd5 3. Nc3 Qa5 4. d4 Nf6 5. Nf3 Bg4 6. h3 Bxf3 7. Qxf3 c6 8. Bd2 e6 9. Bd3 Nbd7 10. O-O Qc7 11. Rfe1 Be7 12. Ne4 O-O 13. a4 Nxe4 14. Bxe4 Nf6 15. Bd3 Rad8 16. Qe3 c5 17. dxc5 Bxc5 18.
Qf3 Qb6 19. b3 Bd4 20. Rad1 Qc7 21. Bf4 Qb6 22. Bg5 h6 23. Bd2 Rc8 24. Qg3 Kh8 25. Qh4 Rfd8 26. a5 Qc5 27. Qg3 Bc3 28. Bxc3 Qxc3 29.
Qe5 Qxe5 30. Rxe5 Kg8 31. Rde1 Kf8 32. Rb5 Rc7 33. g3 Rd6 34. Kg2 Nd5 35. Kf3 a6 36.
Rxd5 Rxd5 37. Be4 Rd2 38. c4 Rb2 39. Re3 Ra2 40. b4 Rb2 41. b5 axb5 42. cxb5 Rxb5 43.
Ra3 Rbc5 44. Kg2 Ke7 45. g4 f5 46. Bf3 Kf6 47. a6 bxa6 48. Rxa6 f4 49. Be4 g5 50. Bf5 R5c6 51. Rxc6 Rxc6 52. Be4 Rc3 53. Bb7 Ke5 54. Ba8 Kd4 55. Bb7 e5 56. f3 Ke3 57.
h4 Rc2+ 58. Kh3 Kf2 59. hxg5 hxg5 60. Ba6 Ra2 61. Bf1 Ra1 62. Bg2 Rg1 63. Bf1 Kxf1 64. Kh2 Rg3 65. Kh1 Rh3# 0-1

[Event "*** SCC Grand Prix: Titled Tuesday Blitz"]
[Site "Chess.com"]
[Date "2020.07.21"]
[Round "7"]
[White "bugsbunny444"]
[Black "Gloomy_Wanderer"]
[Result "1-0"]
[WhiteElo "2585"]
[BlackElo "2687"]
[TimeControl "180+1"]
[EndTime "11:18:56 PDT"]
[Termination "bugsbunny444 won on time"]

1. Nf3 Nf6 2. c4 e6 3. g3 d5 4. Bg2 dxc4 5. Qc2 c6 6. Ne5 Be7 7. Nxc4 O-O 8. O-O b5 9. Ne3 Bb7 10. Rd1 Qb6 11. d4 Nbd7 12. a4 a6 13. Nc3 Rac8 14. b3 c5 15. d5 exd5 16. Nexd5 Nxd5 17. Nxd5 Bxd5 18. Bxd5 Nf6 19. Be3 Nxd5 20. Rxd5 Qe6 21.
Rad1 bxa4 22. bxa4 c4 23. h4 Rc6 24. h5 Rfc8 25. h6 g6 26. Rd7 c3 27. Rb7 Rd6 28. Rxd6 Qxd6 29. Rb6 Qd5 30. Rxa6 Rb8 31. Qxc3 Rb1+ 32.
Bc1 f6 33. Kh2 Qh5+ 34. Kg2 Qxe2 35. Qc8+ Kf7 36. Rc6 Qe4+ 37. Kh2 Qe2 38. Rc2 Qh5+ 39. Kg1 Qd1+ 40. Kg2 Qd5+ 41. Kh2 Rb4 42. Qc6 Qxc6 43.
Rxc6 Rxa4 44. Rc7 Ke6 45. Be3 g5 46. Kg2 Ra8 47. Rb7 Rd8 48. g4 Rd7 49. Rb8 Kf7 50.
Rb6 Kg6 51. f4 gxf4 52. Bxf4 Rd4 53. Kf3 Rd5 54. Ra6 Kf7 55. Ke4 Rd1 56. Kf5 Rd5+ 57. Ke4 Rd7 58. Kf5 1-0

[Event "*** SCC Grand Prix: Titled Tuesday Blitz"]
[Site "Chess.com"]
[Date "2020.07.21"]
[Round "7"]
[White "RodinMihail"]
[Black "InitiatingASC"]
[Result "0-1"]
[WhiteElo "2474"]
[BlackElo "2369"]
[TimeControl "180+1"]
[EndTime "11:18:59 PDT"]
[Termination "InitiatingASC won by checkmate"]

1. e4 c5 2. Nf3 Nc6 3. d4 cxd4 4.
Nxd4 Nf6 5. Nc3 e5 6. Ndb5 h6 7. Nd5 Nxd5 8. Qxd5 d6 9. Be3 Be6 10.
Qd2 a6 11. Nc3 Be7 12. Nd5 Bxd5 13. Qxd5 Qa5+ 14. Qxa5 Nxa5 15. O-O-O Rc8 16. b3 Nc6 17. c3 Nd4 18. Kb2 Ne6 19. h4 O-O 20. g3 Rfd8 21. Be2 Nc5 22. f3 Bf8 23. Rd5 Ne6 24. Rhd1 Rc6 25. f4 Rdc8 26. c4 Nc5 27. Bf3 f6 28. a4 Kf7 29. a5 b6 30. b4 Nd7 31. Bg4 Ke8 32. Bxb6 Rxc4 33. fxe5 fxe5 34. Bc5 Nxc5 35. Bxc8 Nxe4 36. Bxa6 Rxb4+ 37. Ka3 Rb8 38. Bb5+ Kf7 39. Rc1 Ke6 40. Rdd1 d5+ 41. Ka4 d4 42. a6 Nc3+ 43. Rxc3 dxc3 44. a7 Ra8 45. Bc4+ Kf6 46. Rf1+ Kg6 47.
Kb3 Rxa7 48. Bd3+ Kh5 49. Kc2 Bd6 50. Be2+ Kg6 51. Kxc3 h5 52. Bd3+ Kh6 53. Bf5 Rc7+ 54. Kb3 g6 55. Be4 Rd7 56. Bd5 Bc5 57. Kc4 Rd6 58.
Be4 Rd4+ 59. Kxc5 Rxe4 60. Kd6 Re3 61. Ke6 Rxg3 62. Kxe5 Rg4 63. Rh1 Ra4 64. Kf6 Ra5 65. Kf7 Ra6 66. Rg1 Ra4 67. Kf6 Ra6+ 68. Kf7 Rb6 69. Rxg6+ Rxg6 70. Ke7 Rg4 71. Kf6 Rxh4 72. Kf5 Rg4 73. Ke5 Rg8 74. Kf5 h4 75. Kf6 h3 76.
Kf7 Rg7+ 77. Kf8 h2 78. Ke8 h1=Q 79. Kd8 Qa8# 0-1

[Event "*** SCC Grand Prix: Titled Tuesday Blitz"]
[Site "Chess.com"]
[Date "2020.07.21"]
[Round "7"]
[White "OhanyanEminChess"]
[Black "GustavoJuarezF"]
[Result "1-0"]
[WhiteElo "2432"]
[BlackElo "2029"]
[TimeControl "180+1"]
[EndTime "11:19:00 PDT"]
[Termination "OhanyanEminChess won on time"]

1. e4 c5 2. Nf3 Nc6 3. Nc3 Nf6 4. d4 cxd4 5. Nxd4 e5 6. Ndb5 d6 7. Bg5 a6 8. Na3 b5 9. Bxf6 gxf6 10. Nd5 f5 11. c3 Bg7 12. exf5 Bxf5 13. Nc2 O-O 14.
Nce3 Be6 15. Bd3 f5 16. O-O e4 17. Nf4 Bd7 18. Bc2 Qe7 19. Nfd5 Qe5 20. Nb6 Rad8 21.
Nxd7 Rxd7 22. Qh5 Kh8 23. Rad1 d5 24. Bb3 d4 25. cxd4 Nxd4 26. Rfe1 Rd6 27. Nf1 Rh6 28.
Qg5 Nf3+ 29. gxf3 Rg6 30. Qxg6 hxg6 31. fxe4 fxe4 32. Ng3 Qf4 33. Rf1 e3 34. fxe3 Qxe3+ 35. Kg2 Rxf1 36. Rxf1 Bxb2 37. Rf3 Qd2+ 38. Rf2 Qd4 39.
Bc2 Qd5+ 40. Be4 Qxa2 41. Bxg6 b4 42. Bf7 b3 43. Bd5 a5 44. Nh5 Kh7 45. Be4+ Kh6 46.
Ng3 a4 47. Nf5+ Kg5 48. h4+ Kf6 49. Ne3+ Ke5 50. Bg6 Bd4 51. Nc4+ Kd5 52. Bf7+ Kc5 53. Rxa2 bxa2 54. Nd2 a1=Q 55. Ne4+ Kb6 56. h5 Qb2+ 57.
Kf3 Qc2 58. Bg6 Qd3+ 59. Kg4 1-0

[Event "*** SCC Grand Prix: Titled Tuesday Blitz"]
[Site "Chess.com"]
[Date "2020.07.21"]
[Round "7"]
[White "Gulkov_Igor"]
[Black "esrosenberg"]
[Result "1-0"]
[WhiteElo "2385"]
[BlackElo "2203"]
[TimeControl "180+1"]
[EndTime "11:19:02 PDT"]
[Termination "Gulkov_Igor won on time"]

1. Nf3 Nf6 2. c4 e6 3. Nc3 d5 4. d4 Bb4 5. Bg5 h6 6. Bxf6 Qxf6 7. e3 O-O 8. Rc1 dxc4 9. Bxc4 c5 10. O-O Bxc3 11. Rxc3 Nd7 12. Bb5 cxd4 13. Qxd4 e5 14. Qe4 a6 15. Bxd7 Bxd7 16. Qxe5 Qg6 17. Nd4 Rfe8 18.
Qg3 Qf6 19. Rfc1 Rad8 20. h3 b5 21. a3 Kh7 22. Rc5 Re4 23. Rc7 Be6 24. R1c6 Rdxd4 25. exd4 Qxd4 26. Rc5 Qd1+ 27. Kh2 Re1 28. Qf4 Rh1+ 29. Kg3 Qd3+ 30. f3 Qg6+ 31. Kf2 Rd1 32. Rc2 Bf5 33. Re2 Qb6+ 34. Kg3 Qg6+ 35. Kh2 Qf6 36. Rc5 Bg6 37.
Qxf6 gxf6 38. Rf2 f5 39. Kg3 h5 40. h4 Kg7 41. Rc6 a5 42. Kf4 b4 43. axb4 Rd4+ 44.
Kg3 Rxb4 45. Rd2 f4+ 46. Kh3 a4 47. Kh2 Rb3 48. Rcd6 a3 49. bxa3 Rxa3 50. R6d4 Ra1 51. Rxf4 Rb1 52. Kg3 Rb3 53. Rfd4 Rb1 54. Rd5 Rb4 55. Rc5 Ra4 56. Rdd5 Ra1 57. Rxh5 Bxh5 58. Rxh5 Rh1 59. Rg5+ Kf6 60. Kg4 Rg1 61. g3 Rf1 62. Rf5+ Ke6 63. f4 Rg1 64. Re5+ Kf6 65. h5 Rf1 66. Rf5+ Kg7 67. Kg5 Rg1 68. g4 Kf8 69.
Rc5 Ra1 70. h6 1-0

[Event "*** SCC Grand Prix: Titled Tuesday Blitz"]
[Site "Chess.com"]
[Date "2020.07.21"]
[Round "7"]
[White "XiaoKangZhong"]
[Black "Nf3c5"]
[Result "1-0"]
[WhiteElo "2361"]
[BlackElo "2546"]
[TimeControl "180+1"]
[EndTime "11:19:05 PDT"]
[Termination "XiaoKangZhong won by checkmate"]

1. e4 c5 2. c3 d5 3. exd5 Qxd5 4. d4 g6 5. Nf3 Bg7 6. Na3 cxd4 7. Bc4 Qe4+ 8. Be3 Nh6 9. cxd4 O-O 10. Nb5 Nc6 11. Nc3 Qg4 12. h3 Qh5 13. d5 Ne5 14. Be2 Nxf3+ 15. Bxf3 Qh4 16. Qd3 Nf5 17. O-O Nxe3 18. Qxe3 Bd4 19. Qe2 Bf5 20. Rad1 a6 21. Bg4 Bf6 22.
Bxf5 gxf5 23. Qf3 Qg5 24. Rd3 Rad8 25. h4 Qg6 26. Qf4 Kh8 27. Rfd1 Rg8 28. g3 b5 29. d6 e5 30. Qd2 e4 31. Rd5 Rd7 32. Ne2 Bxh4 33.
Nf4 Qg4 34. Ng2 Bg5 35. Qc3+ f6 36. Ne3 Qf3 37. Nxf5 Qxc3 38. bxc3 Rgd8 39. R1d4 Kg8 40. Rxe4 Kf7 41. Red4 Kg6 42. g4 h5 43. f3 hxg4 44. fxg4 Kf7 45. Kg2 Rc8 46. Rd3 Rc4 47. R5d4 Rc6 48.
Re4 Rc4 49. Re7+ Rxe7 50. dxe7 Re4 51. Rd8 Bf4 52. Rf8+ Kg6 53. e8=Q+ Rxe8 54. Rxe8 Be5 55. Re6 Kg5 56. Rxa6 Bxc3 57. Nd6 Be5 58. Ne4+ Kxg4 59.
Nxf6+ Bxf6 60. Rxf6 b4 61. Rb6 b3 62. Rxb3 Kf4 63.
a4 Ke4 64. Rb1 Kd4 65. a5 Kc4 66. a6 Kc3 67. a7 Kc2 68. Rb8 Kc3 69. a8=Q Kc4 70.
Qa4+ Kc3 71. Rb3+ Kd2 72. Qa2+ Kc1 73. Rb1# 1-0

[Event "*** SCC Grand Prix: Titled Tuesday Blitz"]
[Site "Chess.com"]
[Date "2020.07.21"]
[Round "7"]
[White "rasmussvane"]
[Black "Paladin61"]
[Result "0-1"]
[WhiteElo "2865"]
[BlackElo "2637"]
[TimeControl "180+1"]
[EndTime "11:19:06 PDT"]
[Termination "Paladin61 won by checkmate"]

1. Nf3 Nf6 2. g3 g6 3. Bg2 Bg7 4. O-O O-O 5. d4 d6 6. Re1 Nbd7 7. e4 e5 8. Nc3 c6 9. a4 Qc7 10.
h3 Re8 11. Be3 b6 12. Qd2 a6 13. g4 Bb7 14. Rad1 b5 15. dxe5 Nxe5 16. Nxe5 dxe5 17. Qd6 Rac8 18. Bg5 Re6 19. Qxc7 Rxc7 20. Rd8+ Ne8 21. Red1 b4 22. Ne2 c5 23. b3 f6 24. Be3 Bf8 25. Ng3 Rd6 26. R1xd6 Nxd6 27. Bh6 Rc8 28. Rd7 Bc6 29. Bxf8 Bxd7 30. Bxd6 Kf7 31. Bf1 Ke6 32. Bxa6 Ra8 33. Bb7 Ra7 34. Bd5+ Kxd6 35. Nf1 Be6 36. Ne3 Bxd5 37. Nxd5 f5 38. f3 fxe4 39. fxe4 c4 40. Kf2 cxb3 41. cxb3 Kc5 42. Ke3 Rf7 43. g5 Rf1 44.
Nf6 Rh1 45. Kd2 Rxh3 46. Kc2 Rh2+ 47. Kd3 Rh3+ 48. Kc2 h6 49. gxh6 Rxh6 50. Ng4 Rh4 51. Nxe5 g5 52. Nd3+ Kd4 53. Nxb4 Rh2+ 54. Kd1 g4 55.
Ke1 Kxe4 56. Kf1 Kf3 57. Kg1 Rd2 58. Nc6 Rd1+ 59. Kh2 g3+ 60. Kh3 Rh1# 0-1

[Event "*** SCC Grand Prix: Titled Tuesday Blitz"]
[Site "Chess.com"]
[Date "2020.07.21"]
[Round "7"]
[White "viktorskliarov"]
[Black "LuckSlayeer"]
[Result "0-1"]
[WhiteElo "2578"]
[BlackElo "2433"]
[TimeControl "180+1"]
[EndTime "11:19:07 PDT"]
[Termination "LuckSlayeer won by resignation"]

1. e4 c5 2. Nf3 Nc6 3. Bb5 g6 4. O-O Bg7 5. Re1 Nf6 6. e5 Nd5 7. Nc3 Nc7 8. Bxc6 dxc6 9. Ne4 b6 10. Nf6+ Kf8 11. Ne4 h6 12. d3 Ne6 13. Be3 Nd4 14.
Nxd4 cxd4 15. Bf4 c5 16. a3 Kg8 17. b4 Qd5 18. bxc5 bxc5 19. Rb1 Bd7 20. Qd2 Kh7 21. Qa5 Rhc8 22. Nd2 Bc6 23. f3 h5 24. Nc4 h4 25.
h3 Bd7 26. Kf2 Be6 27. Bd2 Qd7 28. Qb5 Qxb5 29. Rxb5 Rab8 30. a4 Rxb5 31. axb5 Rb8 32.
Na3 Bd5 33. Bg5 e6 34. Bxh4 Bh6 35. Be7 Be3+ 36. Rxe3 dxe3+ 37. Kxe3 Rc8 38. c4 Bb7 39. Bd6 Kg8 40. Nb1 a6 41. Nc3 axb5 42. Nxb5 Ra8 43. Bxc5 Ra2 44. g4 Rh2 45. Nd6 Bc6 46. Ne4 Rxh3 47.
Be7 Bxe4 48. Kxe4 Rh1 49. Bf6 Rc1 50. Kd4 Kf8 51. f4 Ke8 52. Ke3 Kd7 53. Kd2 Rg1 54.
g5 Rg3 55. Kc3 Rf3 56. Kb4 Rxd3 57. Kb5 Rf3 58. c5 Rxf4 59. c6+ Kc7 60. Be7 Rf1 61. Bd6+ Kc8 62. Kb6 Rb1+ 63. Kc5 Rc1+ 64. Kb5 Rg1 65. Be7 Re1 66. Bd6 Rf1 67. Be7 Rf5 68.
Bf6 Kc7 69. Kc5 Rf1 70. Be7 Rc1+ 71. Kd4 Kxc6 72. Ke4 Rf1 0-1

[Event "*** SCC Grand Prix: Titled Tuesday Blitz"]
[Site "Chess.com"]
[Date "2020.07.21"]
[Round "7"]
[White "VovenRogel"]
[Black "Gabix_94"]
[Result "0-1"]
[WhiteElo "2746"]
[BlackElo "2895"]
[TimeControl "180+1"]
[EndTime "11:19:09 PDT"]
[Termination "Gabix_94 won by checkmate"]

1. d4 Nf6 2. c4 c5 3. Nf3 cxd4 4. Nxd4 Nc6 5. Nc3 Qb6 6. Nb3 e6 7. Be3 Qc7 8. g3 Ne5 9. c5 Qc6 10. Rg1 Nc4 11. Bd4 d5 12. cxd6 Bxd6 13. Bg2 Qa6 14. Nc5 Qa5 15. b4 Qxb4 16. Rb1 Qa5 17. Rb5 Qc7 18.
Qa4 O-O 19. Qxc4 a6 20. Rb1 e5 21. Be3 Be6 22. Nd5 Nxd5 23. Bxd5 Qa5+ 24. Kf1 Bxc5 25.
Bxc5 Rac8 26. Bxe6 Rxc5 27. Qb3 fxe6 28. Qxe6+ Kh8 29.
Kg2 Rc6 30. Qe7 Rcf6 31. f3 Qxa2 32. Qxb7 Qxe2+ 33. Kh1 Rxf3 34. Rg2 Rf1+ 35. Rxf1 Qxf1+ 36. Rg1 Qb5 37. Qe4 h6 38. Re1 Re8 39. Qg2 e4 40.
Rg1 e3 41. Re1 e2 42. h3 a5 43. Qf2 a4 44. g4 a3 45. Qf7 Qc6+ 46. Kh2 Qd6+ 47. Kg2 Qe6 48. Qf3 a2 49. Kg1 Qb6+ 50.
Kg2 Qb4 51. Qf7 Qb5 52. Qc7 Qd5+ 53. Kf2 Qd4+ 54. Kg2 Qe4+ 55. Kg3 Qe3+ 56. Kg2 Rf8 57. Qg3 Qxg3+ 58. Kxg3 Rf1 59. Rxe2 a1=Q 60. Re8+ Kh7 61. Re3 Qd4 62. Rf3 Rxf3+ 63. Kxf3 g5 64. Kg3 Kg6 65. Kg2 Kf6 66. Kg3 Ke5 67. Kg2 Kf4 68. Kh1 Qd2 69. h4 Kg3 70. hxg5 h5 71. gxh5 Qf2 72. g6 Qe2 73. g7 Qf1# 0-1

[Event "*** SCC Grand Prix: Titled Tuesday Blitz"]
[Site "Chess.com"]
[Date "2020.07.21"]
[Round "7"]
[White "Virgo15"]
[Black "ChessAurochs"]
[Result "0-1"]
[WhiteElo "2676"]
[BlackElo "2569"]
[TimeControl "180+1"]
[EndTime "11:19:09 PDT"]
[Termination "ChessAurochs won on time"]

1. d4 Nf6 2. Nf3 e6 3. Bf4 d5 4. e3 Bd6 5. Bg3 O-O 6. Nbd2 c5 7. c3 Qc7 8. dxc5 Qxc5 9. Bd3 Nbd7 10. Qe2 h6 11.
Rd1 Rb8 12. e4 Bxg3 13. hxg3 dxe4 14. Bxe4 b5 15. O-O Qc7 16. Rfe1 Nxe4 17. Nxe4 Bb7 18.
Rd2 Bxe4 19. Qxe4 Nf6 20. Qe5 Qxe5 21. Nxe5 Rfd8 22. Red1 Rxd2 23. Rxd2 Nd5 24. Nc6 Rb7 25. a3 Kf8 26. Nb4 Nxb4 27. axb4 Ke7 28. Rd1 Rb6 29. Ra1 a6 30. Kf1 Rd6 31. Ke2 h5 32. Ke3 g6 33. b3 Rc6 34. Kd4 e5+ 35. Kd3 Rd6+ 36. Ke3 Rc6 37. Kd3 Rd6+ 38. Ke2 Rc6 39. Rc1 Rd6 40. Ke3 Ke6 41. f3 Kf5 42. c4 Rd4 43. c5 Ke6 44. c6 Rd8 45. c7 Rc8 46. g4 hxg4 47. fxg4 f5 48. Rc6+ Kd5 49. Rxg6 f4+ 50. Kf3 Rxc7 51. Rxa6 Rc3+ 52. Kf2 Rxb3 53. g5 Rg3 54. g6 e4 55. Rb6 e3+ 56. Kf1 Kc4 57. Rf6 Kxb4 58. Rxf4+ Ka3 59. Rf6 b4 60. Ke2 b3 61. Ra6+ Kb2 62. Rb6 Ka2 63. Ra6+ Kb1 64. Rb6 b2 65. Ra6 Rxg2+ 66. Kxe3 Kc2 67. Rc6+ Kd1 68.
Rd6+ Kc1 69. Rb6 b1=Q 70. Rxb1+ Kxb1 71. Kf4 Rxg6 0-1

[Event "*** SCC Grand Prix: Titled Tuesday Blitz"]
[Site "Chess.com"]
[Date "2020.07.21"]
[Round "7"]
[White "Mikhail_Golubev"]
[Black "Chesswizard_2007"]
[Result "1-0"]
[WhiteElo "2607"]
[BlackElo "2454"]
[TimeControl "180+1"]
[EndTime "11:19:12 PDT"]
[Termination "Mikhail_Golubev won by checkmate"]

1. e4 e5 2. Nf3 Nc6 3. Nc3 Nf6 4. d4 exd4 5. Nxd4 Bb4 6. Nxc6 bxc6 7. Bd3 d5 8. Bd2 O-O 9. O-O Re8 10. exd5 cxd5 11. a3 Bd6 12. Nb5 Bc5 13. Bf4 Bb6 14. Qf3 a6 15. Nc3 Be6 16. h3 h6 17. Rad1 Qe7 18.
Rfe1 c5 19. Be5 c4 20. Bf5 Bxf5 21. Qxf5 d4 22. Bxf6 Qxf6 23. Qxf6 gxf6 24. Nd5 Rxe1+ 25. Rxe1 Bd8 26. Re8+ Kg7 27. Nb6 Rb8 28. Nxc4 f5 29. Kf1 f6 30. Ke2 Kf7 31. Nd6+ Kg7 32. Nxf5+ Kf7 33. Nd6+ Kg6 34. Kd3 Kg7 35. f3 h5 36. Ke4 h4 37. Kf5 a5 38. Ke6 a4 39.
Kd7 Rxb2 40. Rxd8 Rxc2 41. Nf5+ Kf7 42. Nxd4 Rxg2 43. Kc6 Rg3 44. Kb5 Rxh3 45. Kxa4 Rh1 46. Kb5 Rb1+ 47. Kc5 h3 48. Rh8 Rc1+ 49. Kd5 Ra1 50.
Rxh3 Rxa3 51. Ke4 Kg6 52. Kf4 Ra4 53. Rg3+ Kf7 54. Ke4 Ra3 55. Rg1 Ra5 56. f4 Ra4 57. Rb1 Ra7 58. Rb5 Re7+ 59. Kf5 Rd7 60. Ne6 Re7 61. Rb7 Rxb7 62. Nd8+ Ke7 63. Nxb7 Kf7 64.
Nc5 Ke7 65. Ne4 Kf7 66. Nxf6 Ke7 67. Ng4 Kf7 68. Kg5 Ke7 69. Ne3 Kf7 70. Ng4 Ke7 71. f5 Kf7 72. Ne3 Ke7 73. Ng4 Kf7 74. f6 Kf8 75.
Ne5 Kg8 76. Kg6 Kf8 77. Nd7+ Kg8 78. f7+ Kh8 79. f8=R# 1-0

[Event "*** SCC Grand Prix: Titled Tuesday Blitz"]
[Site "Chess.com"]
[Date "2020.07.21"]
[Round "7"]
[White "tk22h"]
[Black "eightbyeightchess"]
[Result "1-0"]
[WhiteElo "2313"]
[BlackElo "2419"]
[TimeControl "180+1"]
[EndTime "11:19:15 PDT"]
[Termination "tk22h won on time"]

1. c4 e6 2. Nf3 d5 3. d4 Nf6 4.
Nc3 c6 5. Bg5 Be7 6. e3 Ne4 7. Bxe7 Qxe7 8. Rc1 O-O 9. Bd3 f5 10.
O-O Nd7 11. Qc2 Ndf6 12. Nd2 Bd7 13. f3 Nxd2 14. Qxd2 Rad8 15. Rce1 Be8 16. cxd5 Nxd5 17. Nxd5 exd5 18. Qc2 Bg6 19. Qb3 Kh8 20. Qc3 h6 21. Re2 Bh7 22. Rfe1 Qd6 23. b4 a6 24. a4 Rde8 25. Qc5 Qb8 26. b5 axb5 27. axb5 f4 28.
Bxh7 Kxh7 29. bxc6 bxc6 30. Qxc6 Rxe3 31. Rxe3 fxe3 32.
Qc2+ Kh8 33. Rxe3 Qf4 34. Qd2 Qg5 35. Rd3 Qf5 36. Qe3 Rb8 37. Rd1 Rb2 38. Rd2 Rb6 39.
Qd3 Qf4 40. g3 Qg5 41. Kg2 Rb8 42. Re2 Qf6 43. Qe3 Rf8 44. h4 Rb8 45. Qe5 Rf8 46.
Qxf6 Rxf6 47. Re5 Rd6 48. h5 Kg8 49. Kf2 Kf7 50. Ke3 Kf6 51. g4 Rd8 52. Kf4 Rd6 53.
Kg3 Rd8 54. f4 Rd6 55. g5+ hxg5 56. fxg5+ Kf7 57. Kg4 Rd8 58. Kf5 Rd7 59. g6+ Kf8 60.
Ke6 Ra7 61. Rxd5 Ra6+ 62. Rd6 Ra8 63. d5 Re8+ 64. Kf5 Re1 65. Rd8+ Ke7 66. Rg8 Rf1+ 67.
Ke5 Re1+ 68. Kd4 Kf6 69. Rf8+ Kg5 70. Rh8 Kf6 71. Kc5 Rc1+ 72. Kd6 Rd1 73. Rf8+ Kg5 74. Rf7 Kh6 75. Ke6 Re1+ 76. Kd7 Rd1 77. d6 1-0